Map: Apotheosis LE

Players

Gracz - Winner!

  • Race: Zerg Zerg
  • League: Silver

Sharpie

  • Race: Protoss Protoss
  • League: Bronze

VOD

Have the link to the VOD?

Description

Time

  • Played on: Oct. 9, 2016, 1:04 p.m.
  • Length: 40:13
Show
View Real Time Build Order
Export as new Build Order

Gracz Zerg - Winner!

Build Orders: Pool First 

Get SALT Encoding   

  12  0:20  Drone x2  
  14  0:23  Overlord  
  15  0:42  Drone  
  15  0:43  Drone  
  16  0:50  Spawning Pool  
  15  1:22  Hatchery  
  14  1:40  Hatchery  
  14  1:44  Zergling x2  
  14  1:47  Zergling x2  
  14  1:51  Zergling x2  
  16  2:12  Zergling x4  
  18  2:35  Drone  
  19  2:49  Spine Crawler  
  15  3:02  Queen  
  17  3:06  Zergling x2  
  17  3:07  Zergling x2  
  19  3:14  Roach Warren  
  19  3:15  Extractor  
  19  3:16  Drone x3  
  19  3:33  Drone x2  
  18  3:49  Spine Crawler  
  14  4:33  Drone x3  
  17  4:48  Roach  
  19  4:52  Hatchery  
  19  4:58  Drone  
  19  5:13  Lair, Extractor  
  18  5:15  Drone  
  19  5:22  Hatchery  
  18  5:39  Drone x3  
  22  5:56  Hatchery  
  21  6:45  Roach x3  
  27  6:47  Overlord x3  
  28  7:16  Hatchery  
  27  7:31  Spire  
  27  7:37  Drone x3  
  27  7:39  Drone x3  
  27  7:40  Queen  
  27  7:41  Queen  
  36  7:54  Drone  
  36  7:55  Drone  
  38  8:16  Nydus Network  
  31  8:31  Drone  
  32  8:45  Spore Crawler  
  32  8:47  Drone  
  32  8:55  Drone  
  31  9:02  Spore Crawler  
  29  9:16  Mutalisk  
  29  9:17  Mutalisk x4  
  29  9:22  Drone x3  
  29  9:23  Extractor, Drone x2  
  43  9:24  Extractor  
  42  9:50  Queen  
  42  9:51  Queen  
  46  10:00  Mutalisk, Infestation Pit  
  47  10:08  Drone x3  
  47  10:09  Drone x2  
  52  10:19  Overlord x3  
  52  10:43  Hive  
  52  10:47  Mutalisk x3  
  58  11:06  Hatchery  
  57  11:16  Neural Parasite  
  57  11:47  Infestor x3  
  63  12:00  Viper  
  66  12:21  Drone  
  66  12:22  Drone x13  
  80  12:23  Hatchery  
  80  12:24  Extractor  
  80  12:28  Extractor  
  77  12:33  Burrow  
  77  12:42  Extractor  
  77  12:44  Extractor  
  75  12:53  Viper x2  
  81  13:01  Overlord x2  
  81  13:02  Overlord x3  
  81  14:13  Drone x5  
  81  14:14  Drone x8  
  94  14:25  Mutalisk  
  94  14:26  Mutalisk x6  
  108  15:07  Overseer  
  108  15:10  Overseer x2  
  108  15:20  Mutalisk x5  
  118  15:47  Mutalisk x3  
  118  15:48  Mutalisk  
  116  17:56  Mutalisk  
  116  17:57  Mutalisk x6  
  128  17:59  Overlord x4  
  128  18:00  Overlord x2  
  124  19:24  Mutalisk x3  
  124  19:25  Mutalisk x11  
  134  20:35  Infestor x4  
  134  20:36  Infestor x2, Corruptor x5  
  134  20:37  Corruptor  
  158  20:48  Infestor x4  
  166  21:10  Infestor x3  
  166  21:11  Viper  
  172  21:13  Overlord x4  
  175  21:29  Infestor x3, Pathogen Glands  
  175  21:30  Infestor x2  
  173  22:54  Infestor  
  173  23:13  Infestor x7  
  173  23:14  Infestor x3  
  109  24:23  Viper x5  
  111  24:24  Mutalisk x2  
  111  24:25  Mutalisk x4, Infestor x2  
  130  24:43  Hatchery  
  129  24:48  Viper x2  
  129  24:49  Mutalisk x2, Infestor x2  
  129  24:50  Mutalisk  
  145  24:59  Greater Spire  
  145  25:03  Extractor  
  145  25:06  Extractor  
  143  25:17  Hatchery  
  143  25:18  Infestor  
  143  25:19  Infestor x2  
  148  25:22  Mutalisk x5  
  148  25:23  Mutalisk x7  
  172  25:55  Mutalisk x3  
  77  27:19  Mutalisk x8  
  93  27:41  Extractor  
  92  27:55  Mutalisk  
  94  28:19  Extractor  
  93  28:21  Mutalisk x2  
  97  28:39  Hatchery  
  94  29:20  Mutalisk  
  94  29:21  Mutalisk x3  
  102  29:31  Mutalisk  
  104  29:53  Mutalisk x2  
  108  30:28  Hatchery  
  108  30:33  Mutalisk x4  
  115  30:54  Brood Lord  
  117  31:12  Brood Lord  
  89  31:31  Mutalisk  
  89  31:32  Mutalisk x2  
  59  31:50  Mutalisk  
  59  31:51  Mutalisk  
  63  32:02  Mutalisk  
  65  32:13  Extractor  
  64  32:21  Extractor  
  63  32:23  Mutalisk  
  63  32:24  Mutalisk, Extractor  
  66  32:33  Mutalisk  
  66  32:36  Extractor  
  67  32:52  Mutalisk x2  
  71  33:01  Mutalisk x2  
  75  33:12  Mutalisk x2  
  77  33:16  Mutalisk  
  81  33:22  Mutalisk  
  83  33:29  Zergling x2  
  83  33:30  Zergling x18  
  83  33:32  Zergling x32  
  83  33:33  Zergling x8  
  113  33:48  Metabolic Boost  
  113  34:05  Mutalisk  
  113  34:06  Mutalisk x5  
  111  34:42  Mutalisk  
  111  34:43  Mutalisk x6  
  110  34:53  Mutalisk  
  110  34:54  Mutalisk  
  113  35:10  Mutalisk  
  113  35:11  Mutalisk x2  
  119  35:22  Mutalisk x2  
  123  35:41  Mutalisk x3  
  129  35:49  Mutalisk  
  129  35:50  Mutalisk  
  109  36:37  Mutalisk  
  109  36:38  Mutalisk x7  
  121  37:06  Mutalisk  
  121  37:07  Mutalisk x4  
  131  37:19  Corruptor x2  
  131  37:22  Mutalisk  
  137  37:40  Mutalisk x3  
  137  38:04  Mutalisk  
  137  38:05  Mutalisk x3  
  143  38:25  Mutalisk x4  
  141  38:58  Mutalisk x6  
  149  39:27  Mutalisk x5  
Show
View Real Time Build Order
Export as new Build Order

Sharpie Protoss 

Build Orders:  

Get SALT Encoding   

  12  0:04  Probe (Chrono Boost)  
  13  0:15  Probe (Chrono Boost)  
  14  0:25  Pylon  
  14  0:30  Probe (Chrono Boost)  
  15  0:43  Probe (Chrono Boost)  
  15  0:48  Forge  
  16  0:53  Assimilator  
  16  0:54  Probe (Chrono Boost)  
  17  1:00  Assimilator  
  18  1:04  Probe (Chrono Boost)  
  18  1:39  Photon Cannon  
  18  1:49  Gateway  
  18  1:56  Pylon  
  18  2:16  Photon Cannon  
  18  2:20  Photon Cannon  
  18  2:25  Photon Cannon  
  18  2:30  Pylon  
  18  2:32  Probe (Chrono Boost)  
  19  2:43  Probe (Chrono Boost)  
  22  2:44  Zealot  
  22  2:53  Probe (Chrono Boost)  
  23  3:04  Probe (Chrono Boost)  
  24  3:11  Zealot  
  26  3:29  Cybernetics Core  
  26  3:38  Zealot  
  28  4:03  Pylon  
  28  4:05  Zealot  
  30  4:35  Pylon  
  30  4:38  Photon Cannon  
  30  4:48  Stargate  
  30  4:58  Pylon  
  30  5:06  Nexus  
  31  5:07  Probe (Chrono Boost)  
  31  5:16  Photon Cannon  
  31  5:17  Probe (Chrono Boost)  
  32  5:21  Photon Cannon  
  32  5:32  Photon Cannon  
  32  5:37  Photon Cannon  
  32  5:47  Pylon  
  32  5:54  Pylon  
  32  6:04  Assimilator  
  32  6:05  Void Ray  
  36  6:20  Photon Cannon  
  36  6:27  Photon Cannon  
  34  6:48  Void Ray  
  34  6:51  Probe (Chrono Boost)  
  37  7:02  Probe (Chrono Boost)  
  38  7:12  Probe (Chrono Boost)  
  39  7:29  Pylon  
  39  7:38  Stargate  
  39  7:42  Robotics Facility  
  39  7:56  Fleet Beacon  
  39  8:10  Photon Cannon  
  39  8:14  Photon Cannon  
  39  8:15  Pylon  
  38  8:47  Photon Cannon  
  38  8:48  Void Ray  
  42  9:31  Void Ray  
  42  9:47  Nexus  
  42  10:09  Assimilator  
  42  10:14  Assimilator  
  42  10:17  Probe (Chrono Boost)  
  42  10:20  Void Ray  
  47  10:22  Void Ray  
  47  10:27  Probe (Chrono Boost)  
  52  10:32  Robotics Bay  
  52  10:37  Twilight Council  
  52  10:38  Probe (Chrono Boost)  
  53  10:48  Probe (Chrono Boost)  
  54  10:50  Robotics Facility  
  54  10:59  Probe (Chrono Boost)  
  55  11:05  Probe (Chrono Boost)  
  55  11:10  Probe (Chrono Boost)  
  57  11:16  Probe (Chrono Boost)  
  58  11:20  Probe (Chrono Boost)  
  58  11:21  Pylon  
  59  11:26  Probe (Chrono Boost)  
  59  11:31  Probe (Chrono Boost)  
  61  11:36  Pylon  
  61  11:37  Probe (Chrono Boost)  
  62  11:46  Void Ray  
  66  11:47  Probe (Chrono Boost)  
  67  11:58  Probe (Chrono Boost)  
  67  12:00  Assimilator  
  68  12:08  Probe (Chrono Boost)  
  69  12:17  Photon Cannon  
  69  12:19  Probe (Chrono Boost)  
  69  12:22  Photon Cannon  
  70  12:28  Void Ray  
  70  12:29  Photon Cannon  
  75  12:30  Probe (Chrono Boost)  
  75  12:36  Photon Cannon  
  75  12:40  Probe (Chrono Boost)  
  75  12:43  Pylon  
  76  12:50  Stalker  
  76  12:51  Probe (Chrono Boost)  
  79  13:20  Stalker, Photon Cannon  
  79  13:22  Photon Cannon  
  79  13:25  Photon Cannon  
  81  13:29  Photon Cannon  
  81  13:33  Photon Cannon  
  81  13:36  Photon Cannon  
  81  13:50  Stalker  
  83  14:20  Stalker  
  56  17:22  Void Ray  
  56  17:25  Carrier  
  54  17:38  Colossus  
  54  17:39  Stalker  
  62  18:00  Photon Cannon  
  62  18:05  Void Ray  
  62  18:09  Stalker  
  59  18:13  Pylon  
  59  18:19  Nexus  
  53  18:32  Colossus  
  59  18:39  Stalker  
  57  18:48  Void Ray  
  57  18:51  Carrier  
  67  19:09  Stalker  
  66  19:25  Colossus  
  66  19:31  Void Ray  
  68  19:39  Stalker  
  70  20:02  Pylon  
  70  20:10  Sentry  
  70  20:14  Void Ray  
  72  20:17  Carrier, Immortal  
  72  20:19  Colossus  
  69  20:36  Sentry  
  71  20:57  Immortal, Void Ray  
  75  21:02  Sentry  
  81  21:12  Colossus  
  87  21:19  Nexus  
  87  21:29  Sentry  
  89  21:36  Immortal  
  89  21:39  Tempest  
  93  21:41  Assimilator  
  93  21:42  Carrier  
  103  21:55  Sentry  
  105  22:06  Immortal  
  109  22:26  Pylon  
  109  22:30  Tempest, Immortal  
  109  22:36  Pylon  
  117  23:08  Carrier  
  123  23:13  Void Ray  
  127  23:21  Sentry  
  129  23:31  Assimilator  
  129  23:32  Probe (Chrono Boost)  
  130  23:39  Photon Cannon  
  130  23:43  Probe (Chrono Boost)  
  131  23:53  Probe (Chrono Boost)  
  122  23:56  Assimilator, Void Ray  
  116  24:04  Probe (Chrono Boost)  
  105  24:14  Probe (Chrono Boost)  
  106  24:34  Carrier  
  112  24:38  Tempest  
  112  24:42  Sentry  
  118  25:09  Sentry  
  120  25:16  Pylon  
  120  25:21  Tempest  
  120  25:22  Assimilator, Probe (Chrono Boost)  
  125  25:33  Probe (Chrono Boost)  
  125  25:35  Sentry  
  128  25:40  Probe (Chrono Boost)  
  129  25:43  Probe (Chrono Boost)  
  130  25:50  Probe (Chrono Boost)  
  130  25:54  Probe (Chrono Boost)  
  132  25:59  Void Ray  
  132  26:01  Sentry, Probe (Chrono Boost)  
  132  26:03  Pylon  
  139  26:04  Probe (Chrono Boost), Void Ray  
  144  26:11  Probe (Chrono Boost)  
  145  26:18  Pylon  
  145  26:22  Probe (Chrono Boost)  
  146  26:26  Pylon  
  146  26:46  Probe (Chrono Boost)  
  147  26:56  Probe (Chrono Boost)  
  124  27:07  Probe (Chrono Boost)  
  109  27:17  Probe (Chrono Boost)  
  110  27:28  Probe (Chrono Boost), Photon Cannon  
  111  27:32  Photon Cannon  
  111  27:37  Void Ray  
  115  27:59  Pylon  
  115  28:05  Photon Cannon  
  115  28:17  Void Ray  
  119  28:20  Void Ray  
  123  28:31  Photon Cannon  
  123  28:35  Photon Cannon  
  123  28:41  Pylon  
  123  28:52  Pylon  
  123  29:00  Void Ray  
  127  29:03  Void Ray  
  131  29:12  Probe (Chrono Boost)  
  132  29:23  Probe (Chrono Boost)  
  133  29:25  Photon Cannon  
  133  29:29  Photon Cannon  
  133  29:33  Probe (Chrono Boost), Photon Cannon  
  134  29:40  Photon Cannon  
  134  29:42  Void Ray  
  138  29:49  Pylon  
  138  30:25  Void Ray  
  142  30:31  Carrier  
  148  30:39  Immortal  
  151  31:08  Void Ray  
  119  31:51  Void Ray  
  123  31:57  Carrier  
  129  32:14  Nexus  
  129  32:30  Stalker  
  129  32:34  Void Ray  
  135  32:46  Assimilator  
  135  32:52  Assimilator  
  135  32:56  Pylon  
  135  33:00  Stalker  
  137  33:07  Pylon  
  137  33:15  Colossus  
  137  33:17  Void Ray  
  147  33:23  Carrier  
  153  33:29  Photon Cannon  
  153  33:31  Sentry  
  155  33:35  Photon Cannon  
  155  33:51  Photon Cannon  
  155  33:52  Probe (Chrono Boost)  
  156  33:57  Sentry  
  156  33:59  Void Ray  
  156  34:02  Photon Cannon  
  162  34:03  Probe (Chrono Boost)  
  162  34:08  Colossus  
  169  34:11  Photon Cannon  
  169  34:13  Probe (Chrono Boost)  
  169  34:15  Photon Cannon  
  170  34:22  Photon Cannon  
  170  34:23  Sentry  
  173  34:24  Probe (Chrono Boost)  
  173  34:25  Photon Cannon  
  173  34:33  Pylon  
  173  34:34  Probe (Chrono Boost)  
  174  34:42  Void Ray  
  178  34:48  Carrier  
  184  35:04  Photon Cannon  
  184  35:10  Photon Cannon  
  184  35:15  Photon Cannon  
  184  35:21  Pylon  
  184  35:25  Void Ray  
  188  35:40  Photon Cannon  
  188  36:08  Void Ray  
  177  36:14  Carrier  
  144  36:31  Sentry  
  134  36:34  Immortal  
  135  36:51  Void Ray  
  129  36:58  Sentry  
  107  37:13  Immortal  
  101  37:24  Sentry  
  103  37:33  Void Ray  
  107  37:40  Carrier  
  113  37:51  Sentry  
  115  37:52  Immortal  
  89  38:10  Photon Cannon  
  89  38:16  Carrier  
  89  38:17  Sentry  
  65  38:43  Sentry  
  66  39:10  Sentry  
  60  39:36  Sentry  
Tags
 
Add a new tag
Caveats
  • Supply blocks, unpowered buildings, or Contaminate may cause inaccurate times.
  • Supply counts are checked every 10 seconds.